[ AOE2 MATCH · #508042019 ]
UnrankedPortuguese vs Wei
Player's team · WIN
Rival team · LOSS
[ REPLAY ANALYSIS · EXTRACTED FROM THE RECORDED GAME ]
Feudal
10:54
Castle
15:34
Imperial
38:17
| APM avg | 33.8 |
| APM peak | 83 |
| eAPM avg | 17.1 |
| Villagers / military | 75 / 67 |
Focus
⚔️ 32.1% · 🌾 67.9%
Organ Gun ×39 · Monk ×15 · Trebuchet (Packed) ×7 · Mangonel ×4 · Battering Ram ×2
Feudal
9:47
Castle
27:02
Imperial
43:27
| APM avg | 41.8 |
| APM peak | 75 |
| eAPM avg | 21.3 |
| Villagers / military | 95 / 16 |
Focus
⚔️ 25.2% · 🌾 74.8%
Unknown (1949) ×25 · Scout Cavalry ×14 · Unknown (1944) ×6 · Unknown (1942) ×4 · Mangonel ×2
Match map
Initial resources + every placement click. Lines = walls · curves = elevation contours. ◆ gold · ⬟ stone · ● berries · ✦ relic · ◌ wall gap
Your base· Open — unwalled flank
francisarm_08's base· ✓ Closed at 27:02 · 77t walls · 1 gate(s)
Smoothed initial terrain · ◌ = detected wall gap · hover for details
Inputs per minute
— IWUDJA - - francisarm_08
Build order — IWUDJA
First 150 of 259 actions detected
| 0:00 | Create | Villager (Male) |
| 0:00 | Create | Villager (Male) |
| 0:01 | Create | Villager (Male) |
| 0:02 | Build | House |
| 0:03 | Build | House |
| 0:08 | Create | Villager (Male) |
| 0:08 | Create | Villager (Male) |
| 1:29 | Create | Villager (Male) |
| 2:01 | Create | Villager (Male) |
| 2:01 | Create | Villager (Male) |
| 2:11 | Build | Lumber Camp |
| 2:24 | Create | Villager (Male) |
| 2:25 | Create | Villager (Male) |
| 2:59 | Create | Villager (Male) |
| 2:59 | Create | Villager (Male) |
| 3:13 | Create | Villager (Male) |
| 3:14 | Create | Villager (Male) |
| 3:57 | Build | House |
| 3:58 | Build | Palisade Wall |
| 4:01 | Build | House |
| 4:12 | Create | Villager (Male) |
| 4:12 | Create | Villager (Male) |
| 4:17 | Create | Villager (Male) |
| 4:17 | Create | Villager (Male) |
| 5:09 | Create | Villager (Male) |
| 5:10 | Create | Villager (Male) |
| 5:33 | Build | Mill |
| 5:34 | Create | Villager (Male) |
| 5:51 | Create | Villager (Male) |
| 5:51 | Create | Villager (Male) |
| 6:42 | Create | Villager (Male) |
| 6:42 | Create | Villager (Male) |
| 7:16 | Create | Villager (Male) |
| 7:38 | Build | House |
| 7:43 | Build | Mining Camp |
| 7:48 | Build | Palisade Wall |
| 7:57 | Research | Loom |
| 8:01 | Build | Palisade Wall |
| 8:08 | Build | House |
| 8:24 | Build | Palisade Wall |
| 8:28 | Build | Palisade Wall |
| 8:29 | Build | Palisade Wall |
| 8:30 | Build | Palisade Wall |
| 8:33 | Build | Palisade Wall |
| 8:36 | Research | Feudal Age |
| 8:39 | Build | Palisade Wall |
| 8:41 | Build | Palisade Wall |
| 9:13 | Build | Palisade Wall |
| 9:42 | Build | Palisade Wall |
| 9:59 | Create | Villager (Male) |
| 9:59 | Create | Villager (Male) |
| 10:11 | Build | Palisade Wall |
| 10:38 | Build | Palisade Wall |
| 10:47 | Build | Palisade Wall |
| 10:51 | Build | Palisade Wall |
| 10:54 | Age | Feudal Age |
| 10:59 | Build | Market |
| 11:04 | Build | Blacksmith |
| 11:24 | Build | Palisade Wall |
| 11:27 | Build | Palisade Wall |
| 11:29 | Build | Palisade Wall |
| 11:32 | Build | Palisade Wall |
| 11:45 | Create | Villager (Male) |
| 12:54 | Research | Castle Age |
| 13:00 | Build | Palisade Wall |
| 13:01 | Build | Palisade Wall |
| 15:32 | Build | Lumber Camp |
| 15:34 | Age | Castle Age |
| 15:46 | Build | Castle |
| 15:53 | Create | Villager (Male) |
| 16:58 | Build | Farm |
| 17:35 | Create | Organ Gun |
| 17:35 | Create | Organ Gun |
| 18:06 | Create | Organ Gun |
| 18:20 | Create | Organ Gun |
| 18:20 | Create | Organ Gun |
| 19:06 | Build | Mining Camp |
| 19:14 | Create | Organ Gun |
| 19:49 | Create | Villager (Male) |
| 19:49 | Create | Villager (Male) |
| 20:40 | Build | Siege Workshop |
| 20:47 | Create | Villager (Male) |
| 20:47 | Create | Villager (Male) |
| 20:47 | Create | Villager (Male) |
| 21:20 | Create | Villager (Male) |
| 21:29 | Create | Organ Gun |
| 21:29 | Create | Organ Gun |
| 21:58 | Create | Mangonel |
| 21:58 | Create | Mangonel |
| 22:13 | Build | House |
| 22:16 | Create | Mangonel |
| 22:16 | Create | Mangonel |
| 22:43 | Build | Farm |
| 22:52 | Build | House |
| 22:59 | Create | Organ Gun |
| 23:00 | Create | Organ Gun |
| 24:17 | Create | Battering Ram |
| 24:19 | Create | Villager (Male) |
| 24:23 | Create | Organ Gun |
| 24:23 | Create | Organ Gun |
| 24:23 | Create | Organ Gun |
| 24:35 | Create | Villager (Male) |
| 24:39 | Build | Farm |
| 24:44 | Create | Organ Gun |
| 25:16 | Build | Farm |
| 25:44 | Create | Villager (Male) |
| 25:44 | Create | Villager (Male) |
| 25:47 | Create | Villager (Male) |
| 25:48 | Create | Villager (Male) |
| 25:48 | Create | Villager (Male) |
| 25:52 | Build | Farm |
| 26:10 | Create | Organ Gun |
| 26:37 | Build | House |
| 27:17 | Build | House |
| 27:18 | Create | Villager (Male) |
| 27:19 | Create | Organ Gun |
| 27:19 | Create | Organ Gun |
| 27:19 | Create | Organ Gun |
| 27:35 | Build | Monastery |
| 27:36 | Create | Villager (Male) |
| 28:02 | Build | House |
| 28:03 | Build | House |
| 28:04 | Build | House |
| 28:04 | Build | House |
| 28:05 | Build | House |
| 28:21 | Create | Villager (Male) |
| 29:03 | Create | Villager (Male) |
| 29:04 | Create | Villager (Male) |
| 29:06 | Create | Villager (Male) |
| 29:26 | Create | Battering Ram |
| 29:58 | Create | Villager (Male) |
| 30:02 | Build | Mining Camp |
| 30:07 | Create | Monk |
| 30:26 | Build | House |
| 30:34 | Build | House |
| 30:35 | Create | Villager (Male) |
| 30:46 | Build | Palisade Wall |
| 31:09 | Research | Sanctity |
| 31:09 | Create | Monk |
| 31:21 | Build | Farm |
| 31:24 | Create | Villager (Male) |
| 31:24 | Create | Villager (Male) |
| 31:24 | Create | Villager (Male) |
| 31:31 | Build | House |
| 31:50 | Build | Palisade Wall |
| 31:52 | Build | Palisade Wall |
| 32:04 | Create | Monk |
| 32:29 | Build | Palisade Wall |
| 32:30 | Build | Palisade Wall |
| 32:31 | Build | Palisade Wall |
Build order — francisarm_08
First 150 of 331 actions detected
| 0:02 | Create | Villager (Male) |
| 0:02 | Create | Villager (Male) |
| 0:05 | Build | House |
| 0:07 | Build | House |
| 0:08 | Create | Villager (Male) |
| 0:19 | Build | House |
| 0:22 | Create | Villager (Male) |
| 0:42 | Build | House |
| 1:30 | Create | Villager (Male) |
| 2:09 | Create | Villager (Male) |
| 2:21 | Create | Villager (Male) |
| 2:53 | Create | Villager (Male) |
| 3:04 | Create | Villager (Male) |
| 3:42 | Create | Villager (Male) |
| 4:18 | Build | Mill |
| 4:26 | Create | Villager (Male) |
| 4:29 | Build | Lumber Camp |
| 5:05 | Create | Villager (Male) |
| 5:05 | Create | Villager (Male) |
| 5:06 | Create | Villager (Male) |
| 5:58 | Create | Villager (Male) |
| 6:00 | Build | House |
| 6:38 | Create | Villager (Male) |
| 6:40 | Research | Loom |
| 7:37 | Research | Feudal Age |
| 7:43 | Build | Mining Camp |
| 8:09 | Build | House |
| 9:47 | Age | Feudal Age |
| 9:50 | Build | Outpost |
| 9:52 | Research | Town Watch |
| 10:02 | Build | Watch Tower |
| 10:06 | Create | Villager (Male) |
| 10:14 | Create | Villager (Male) |
| 10:35 | Create | Villager (Male) |
| 10:41 | Build | Watch Tower |
| 10:48 | Create | Villager (Male) |
| 11:04 | Build | Stone Wall |
| 11:08 | Build | Stone Wall |
| 11:13 | Build | Stone Wall |
| 11:16 | Build | Stone Wall |
| 11:20 | Build | Stone Wall |
| 11:25 | Build | Watch Tower |
| 11:27 | Build | Stone Wall |
| 11:46 | Create | Villager (Male) |
| 11:49 | Create | Villager (Male) |
| 12:55 | Create | Villager (Male) |
| 12:55 | Create | Villager (Male) |
| 12:57 | Build | Farm |
| 13:00 | Build | Mill |
| 13:03 | Build | Farm |
| 13:08 | Build | Farm |
| 13:09 | Create | Villager (Male) |
| 13:10 | Create | Villager (Male) |
| 13:23 | Build | Watch Tower |
| 13:27 | Build | Stone Wall |
| 13:34 | Build | Stone Wall |
| 13:40 | Build | Stone Wall |
| 13:45 | Build | Stone Wall |
| 13:49 | Build | House |
| 13:52 | Build | House |
| 14:00 | Create | Villager (Male) |
| 14:05 | Create | Villager (Male) |
| 14:11 | Build | House |
| 14:12 | Build | House |
| 14:28 | Build | Palisade Wall |
| 14:29 | Build | Palisade Wall |
| 14:30 | Build | Palisade Wall |
| 14:32 | Build | Palisade Wall |
| 14:33 | Build | Palisade Wall |
| 14:42 | Build | House |
| 14:51 | Create | Villager (Male) |
| 14:56 | Research | Double-Bit Axe |
| 15:02 | Create | Villager (Male) |
| 15:16 | Build | Palisade Wall |
| 15:28 | Build | House |
| 15:31 | Build | Palisade Wall |
| 15:32 | Build | Palisade Wall |
| 15:34 | Build | Palisade Wall |
| 15:35 | Create | Villager (Male) |
| 15:39 | Build | House |
| 16:16 | Build | Stone Wall |
| 16:18 | Build | Stone Wall |
| 16:19 | Build | Stone Wall |
| 16:19 | Build | Stone Wall |
| 16:21 | Build | Stone Wall |
| 16:22 | Build | Stone Wall |
| 16:22 | Build | Stone Wall |
| 16:27 | Build | Farm |
| 16:28 | Build | Farm |
| 16:29 | Build | Farm |
| 16:30 | Create | Villager (Male) |
| 17:03 | Build | Farm |
| 17:04 | Create | Villager (Male) |
| 17:10 | Build | Watch Tower |
| 17:18 | Build | Watch Tower |
| 17:21 | Build | House |
| 17:23 | Build | House |
| 17:26 | Build | House |
| 17:28 | Create | Villager (Male) |
| 17:34 | Create | Villager (Male) |
| 17:44 | Build | Farm |
| 17:47 | Create | Villager (Male) |
| 17:53 | Build | Stone Wall |
| 17:59 | Build | Stone Wall |
| 18:03 | Build | House |
| 18:06 | Build | House |
| 18:15 | Build | Watch Tower |
| 18:21 | Build | House |
| 18:35 | Build | Stone Wall |
| 18:40 | Build | Stone Wall |
| 18:44 | Build | Farm |
| 18:46 | Create | Villager (Male) |
| 18:47 | Build | House |
| 19:04 | Create | Villager (Male) |
| 19:11 | Build | Farm |
| 19:29 | Build | Watch Tower |
| 19:35 | Create | Villager (Male) |
| 19:37 | Create | Villager (Male) |
| 19:49 | Build | Stone Wall |
| 19:58 | Build | Mining Camp |
| 20:34 | Build | Farm |
| 20:36 | Create | Villager (Male) |
| 20:38 | Create | Villager (Male) |
| 20:46 | Build | Farm |
| 20:47 | Build | Farm |
| 20:55 | Build | Farm |
| 20:58 | Create | Villager (Male) |
| 21:10 | Build | Farm |
| 21:13 | Create | Villager (Male) |
| 21:14 | Build | Farm |
| 21:24 | Build | Outpost |
| 21:29 | Build | Farm |
| 21:40 | Build | Watch Tower |
| 21:53 | Build | Blacksmith |
| 22:15 | Create | Villager (Male) |
| 22:27 | Create | Villager (Male) |
| 22:58 | Build | Market |
| 23:01 | Create | Villager (Male) |
| 23:11 | Research | Fletching |
| 23:17 | Build | Outpost |
| 23:23 | Build | Outpost |
| 23:38 | Build | House |
| 24:16 | Build | Farm |
| 24:22 | Research | Castle Age |
| 24:29 | Build | Barracks |
| 25:11 | Build | Stable |
| 25:18 | Research | Scale Barding Armor |
| 25:42 | Build | Gate |
| 25:52 | Research | Bloodlines |
| 26:06 | Build | Stable |
Match timeline
| 3:58 | IWUDJA · wall_segment Palisade Wall x1 |
| 7:48 | IWUDJA · wall_segment Palisade Wall x10 |
| 8:01 | IWUDJA · wall_segment Palisade Wall x1 |
| 8:24 | IWUDJA · wall_segment Palisade Wall x3 |
| 8:28 | IWUDJA · wall_segment Palisade Wall x1 |
| 8:29 | IWUDJA · wall_segment Palisade Wall x1 |
| 8:30 | IWUDJA · wall_segment Palisade Wall x1 |
| 8:33 | IWUDJA · wall_segment Palisade Wall x1 |
| 8:39 | IWUDJA · wall_segment Palisade Wall x1 |
| 8:41 | IWUDJA · wall_segment Palisade Wall x1 |
| 9:13 | IWUDJA · wall_segment Palisade Wall x1 |
| 9:42 | IWUDJA · wall_segment Palisade Wall x1 |
| 9:47 | francisarm_08 · age_up feudal |
| 10:11 | IWUDJA · wall_segment Palisade Wall x3 |
| 10:38 | IWUDJA · wall_segment Palisade Wall x1 |
| 10:47 | IWUDJA · wall_segment Palisade Wall x1 |
| 10:51 | IWUDJA · wall_segment Palisade Wall x1 |
| 10:54 | IWUDJA · age_up feudal |
| 11:04 | francisarm_08 · wall_segment Stone Wall x1 |
| 11:08 | francisarm_08 · wall_segment Stone Wall x1 |
| 11:13 | francisarm_08 · wall_segment Stone Wall x1 |
| 11:16 | francisarm_08 · wall_segment Stone Wall x1 |
| 11:20 | francisarm_08 · wall_segment Stone Wall x1 |
| 11:24 | IWUDJA · wall_segment Palisade Wall x1 |
| 11:27 | francisarm_08 · wall_segment Stone Wall x1 |
| 11:27 | IWUDJA · wall_segment Palisade Wall x1 |
| 11:29 | IWUDJA · wall_segment Palisade Wall x1 |
| 11:32 | IWUDJA · wall_segment Palisade Wall x1 |
| 12:09 | IWUDJA · first_market_sell 100 stone |
| 13:00 | IWUDJA · wall_segment Palisade Wall x1 |
| 13:01 | IWUDJA · wall_segment Palisade Wall x1 |
| 13:27 | francisarm_08 · wall_segment Stone Wall x1 |
| 13:34 | francisarm_08 · wall_segment Stone Wall x1 |
| 13:40 | francisarm_08 · wall_segment Stone Wall x1 |
| 13:45 | francisarm_08 · wall_segment Stone Wall x1 |
| 14:28 | francisarm_08 · wall_segment Palisade Wall x1 |
| 14:29 | francisarm_08 · wall_segment Palisade Wall x1 |
| 14:30 | francisarm_08 · wall_segment Palisade Wall x1 |
| 14:32 | francisarm_08 · wall_segment Palisade Wall x2 |
| 14:33 | francisarm_08 · wall_segment Palisade Wall x1 |
| 15:16 | francisarm_08 · wall_segment Palisade Wall x1 |
| 15:31 | francisarm_08 · wall_segment Palisade Wall x2 |
| 15:32 | francisarm_08 · wall_segment Palisade Wall x1 |
| 15:34 | francisarm_08 · wall_segment Palisade Wall x3 |
| 15:34 | IWUDJA · age_up castle |
| 15:46 | IWUDJA · first_building Castle |
| 16:16 | francisarm_08 · wall_segment Stone Wall x4 |
| 16:18 | francisarm_08 · wall_segment Stone Wall x2 |
| 16:19 | francisarm_08 · wall_segment Stone Wall x1 |
| 16:19 | francisarm_08 · wall_segment Stone Wall x1 |
| 16:21 | francisarm_08 · wall_segment Stone Wall x1 |
| 16:22 | francisarm_08 · wall_segment Stone Wall x1 |
| 16:22 | francisarm_08 · wall_segment Stone Wall x1 |
| 17:53 | francisarm_08 · wall_segment Stone Wall x16 |
| 17:59 | francisarm_08 · wall_segment Stone Wall x7 |
| 18:12 | IWUDJA · first_market_buy 100 wood |
| 18:35 | francisarm_08 · wall_segment Stone Wall x10 |
| 18:40 | francisarm_08 · wall_segment Stone Wall x8 |
| 19:49 | francisarm_08 · wall_segment Stone Wall x4 |
| 20:40 | IWUDJA · first_building Siege Workshop |
| 24:29 | francisarm_08 · first_building Barracks |
| 25:11 | francisarm_08 · first_building Stable |
| 27:02 | francisarm_08 · age_up castle |
| 27:35 | IWUDJA · first_building Monastery |
| 28:34 | francisarm_08 · first_building Castle |
| 29:18 | francisarm_08 · first_building Siege Workshop |
| 30:46 | IWUDJA · wall_segment Palisade Wall x1 |
| 31:50 | IWUDJA · wall_segment Palisade Wall x1 |
| 31:52 | IWUDJA · wall_segment Palisade Wall x1 |
| 32:29 | IWUDJA · wall_segment Palisade Wall x1 |
| 32:30 | IWUDJA · wall_segment Palisade Wall x1 |
| 32:31 | IWUDJA · wall_segment Palisade Wall x1 |
| 32:32 | IWUDJA · wall_segment Palisade Wall x1 |
| 32:33 | IWUDJA · wall_segment Palisade Wall x1 |
| 32:34 | IWUDJA · wall_segment Palisade Wall x1 |
| 32:35 | IWUDJA · wall_segment Palisade Wall x1 |
| 32:37 | IWUDJA · wall_segment Palisade Wall x1 |
| 32:37 | IWUDJA · wall_segment Palisade Wall x1 |
| 32:39 | IWUDJA · wall_segment Palisade Wall x1 |
| 32:41 | IWUDJA · wall_segment Palisade Wall x1 |
| 32:44 | IWUDJA · wall_segment Palisade Wall x1 |
| 37:53 | francisarm_08 · first_market_buy 100 stone |
| 38:17 | IWUDJA · age_up imperial |
| 40:12 | IWUDJA · wall_segment Palisade Wall x1 |
| 43:27 | francisarm_08 · age_up imperial |
| 46:47 | francisarm_08 · first_market_sell 100 food |
| 49:35 | IWUDJA · first_building Barracks |
| 54:35 | francisarm_08 · resign |
[ AI ANALYSIS · 1 CREDIT ]
What really happened in this match?
Wolo.gg analyzes every decision: build order, eco, micro, common mistakes by bracket. Personalized analysis on WhatsApp or Discord in 30 seconds.
Civ guide
Portuguese
Perfil
Jugador #5566911